| TOP OF THE 1ST |
|
Tennessee Smokies batting - Pitching for Tulsa Drillers : RHP Victor Torres
|
|
Pitching: RHP Victor Torres
|
|
|
Batting: RHB Heef Harted
|
0-0: Called Strike 0-1: Called Strike 0-2: Ball 1-2: Strikes out swinging, 2-3 out at first.
|
|
Batting: RHB Rich Thurman
|
0-0: Called Strike 0-1: Ground out 6-3 (Groundball, 6, EV 86.9 MPH)
|
|
Batting: RHB Bobby Gray
|
0-0: Ball 1-0: Ball 2-0: Called Strike 2-1: Swinging Strike 2-2: Foul Ball, location: 2F 2-2: Strikes out swinging
|
| Top of the 1st over - 0 runs, 0 hits, 0 errors, 0 left on base; Tennessee 0 - Tulsa 0 |
| BOTTOM OF THE 1ST |
|
Tulsa Drillers batting - Pitching for Tennessee Smokies : RHP Mark Duffy
|
|
Pitching: RHP Mark Duffy
|
|
|
Batting: RHB Sam Saunders
|
0-0: Foul Ball, location: 2F 0-1: SINGLE (Groundball, 6M, EV 90.6 MPH) (infield hit)
|
|
Batting: SHB Shane Marcum
|
0-0: SINGLE (Line Drive, 8LS, EV 100.6 MPH) Sam Saunders to second Runner from 2nd tries for 3rd, SAFE, throw by CF made to third
|
|
Batting: SHB Xavier Alaniz
|
0-0: Called Strike Shane Marcum steals 2nd base 0-1: Ground out 6-3 (Groundball, 6S, EV 88.8 MPH) Sam Saunders scores Shane Marcum to third
|
|
Batting: LHB Steve Pond
|
0-0: Foul Ball, location: 2F 0-1: Ball 1-1: Ball 2-1: Swinging Strike 2-2: Ball 3-2: Base on Balls
|
|
Batting: LHB Hyoji Toda
|
0-0: Called Strike 0-1: Ball 1-1: Ball 2-1: Swinging Strike 2-2: Ball 3-2: Foul Ball, location: 2F 3-2: TRIPLE (Flyball, 78D, EV 106.9 MPH) Shane Marcum scores Steve Pond scores
|
|
Batting: RHB Steve Perez
|
0-0: Swinging Strike 0-1: Swinging Strike 0-2: Strikes out swinging
|
|
Batting: RHB Jerry Sanchez
|
0-0: Fly out, F8 (Line Drive, 78M, EV 84.4 MPH)
|
| Bottom of the 1st over - 3 runs, 3 hits, 0 errors, 1 left on base; Tennessee 0 - Tulsa 3 |
| TOP OF THE 2ND |
|
Tennessee Smokies batting - Pitching for Tulsa Drillers : RHP Victor Torres
|
|
Batting: RHB Heitaro Tanaka
|
0-0: Ball 1-0: Called Strike 1-1: Ball 2-1: Called Strike 2-2: Ball 3-2: Strikes out swinging
|
|
Batting: RHB Sam Sours
|
0-0: Called Strike 0-1: Foul Ball, location: 2F 0-2: Ball 1-2: Strikes out looking
|
|
Batting: RHB Ryan Walker
|
0-0: Ball 1-0: Called Strike 1-1: Ground out 4-3 (Groundball, 4, EV 88.8 MPH)
|
| Top of the 2nd over - 0 runs, 0 hits, 0 errors, 0 left on base; Tennessee 0 - Tulsa 3 |
| BOTTOM OF THE 2ND |
|
Tulsa Drillers batting - Pitching for Tennessee Smokies : RHP Mark Duffy
|
|
Batting: RHB Mike Plugge
|
0-0: Fly out, F9 (Flyball, 9D, EV 100.6 MPH)
|
|
Batting: RHB Tony Reyna
|
0-0: SINGLE (Groundball, 5L, EV 96.9 MPH)
|
|
Batting: RHB Sam Saunders
|
0-0: Called Strike 0-1: Ball Tony Reyna steals 2nd base 1-1: Ball 2-1: Fly out, F6 (Popup, 6MS, EV 66.9 MPH)
|
|
Batting: SHB Shane Marcum
|
0-0: Called Strike 0-1: Swinging Strike 0-2: Ball 1-2: Ground out 4-3 (Groundball, 4, EV 90.0 MPH)
|
| Bottom of the 2nd over - 0 runs, 1 hit, 0 errors, 1 left on base; Tennessee 0 - Tulsa 3 |
| TOP OF THE 3RD |
|
Tennessee Smokies batting - Pitching for Tulsa Drillers : RHP Victor Torres
|
|
Batting: LHB Mark Ingram
|
0-0: Called Strike 0-1: Ball 1-1: Ball 2-1: Called Strike 2-2: Strikes out looking
|
|
Batting: RHB Khalil Stephens
|
0-0: Ball 1-0: DOUBLE (Line Drive, 78XD, EV 102.5 MPH)
|
|
Batting: RHB Dylan Burke
|
0-0: Called Strike 0-1: Called Strike 0-2: Strikes out looking
|
|
Batting: RHB Heef Harted
|
0-0: Called Strike 0-1: Ball 1-1: Called Strike 1-2: Strikes out swinging
|
| Top of the 3rd over - 0 runs, 1 hit, 0 errors, 1 left on base; Tennessee 0 - Tulsa 3 |
| BOTTOM OF THE 3RD |
|
Tulsa Drillers batting - Pitching for Tennessee Smokies : RHP Mark Duffy
|
|
Batting: SHB Xavier Alaniz
|
0-0: Ball 1-0: Fly out, F7 (Flyball, 7, EV 89.4 MPH)
|
|
Batting: LHB Steve Pond
|
0-0: Called Strike 0-1: Ball 1-1: Foul Ball, location: 2F 1-2: Ball 2-2: Strikes out swinging
|
|
Batting: LHB Hyoji Toda
|
0-0: Called Strike 0-1: Ball 1-1: Ball 2-1: Called Strike 2-2: Ball 3-2: Strikes out looking
|
| Bottom of the 3rd over - 0 runs, 0 hits, 0 errors, 0 left on base; Tennessee 0 - Tulsa 3 |
| TOP OF THE 4TH |
|
Tennessee Smokies batting - Pitching for Tulsa Drillers : RHP Victor Torres
|
|
Batting: RHB Rich Thurman
|
0-0: Ball 1-0: Called Strike 1-1: Swinging Strike 1-2: Ball 2-2: Strikes out swinging
|
|
Batting: RHB Bobby Gray
|
0-0: Called Strike 0-1: Ball 1-1: Called Strike 1-2: Strikes out swinging
|
|
Batting: RHB Heitaro Tanaka
|
0-0: Called Strike 0-1: Ball 1-1: Called Strike 1-2: Strikes out swinging
|
| Top of the 4th over - 0 runs, 0 hits, 0 errors, 0 left on base; Tennessee 0 - Tulsa 3 |
| BOTTOM OF THE 4TH |
|
Tulsa Drillers batting - Pitching for Tennessee Smokies : RHP Mark Duffy
|
|
Batting: RHB Steve Perez
|
0-0: Ground out 6-3 (Groundball, 6, EV 85.6 MPH)
|
|
Batting: RHB Jerry Sanchez
|
0-0: Foul Ball, location: 2F 0-1: Swinging Strike 0-2: Strikes out swinging
|
|
Batting: RHB Mike Plugge
|
0-0: Ball 1-0: Fly out, F3 (Popup, 3L, EV 63.1 MPH)
|
| Bottom of the 4th over - 0 runs, 0 hits, 0 errors, 0 left on base; Tennessee 0 - Tulsa 3 |
| TOP OF THE 5TH |
|
Tennessee Smokies batting - Pitching for Tulsa Drillers : RHP Victor Torres
|
|
Batting: RHB Sam Sours
|
0-0: Ground out 5-3 (Groundball, 5S, EV 66.9 MPH)
|
|
Batting: RHB Ryan Walker
|
0-0: Called Strike 0-1: Foul Ball, location: 2F 0-2: Strikes out swinging
|
|
Batting: LHB Mark Ingram
|
0-0: Ball 1-0: Swinging Strike 1-1: Swinging Strike 1-2: Strikes out swinging
|
| Top of the 5th over - 0 runs, 0 hits, 0 errors, 0 left on base; Tennessee 0 - Tulsa 3 |
| BOTTOM OF THE 5TH |
|
Tulsa Drillers batting - Pitching for Tennessee Smokies : RHP Mark Duffy
|
|
Pitching: RHP Adrian Dorsi
|
|
|
Batting: RHB Tony Reyna
|
0-0: Ground out 5-3 (Groundball, 56S, EV 66.9 MPH)
|
|
Batting: RHB Sam Saunders
|
0-0: Ball 1-0: Ball 2-0: Ball 3-0: Called Strike 3-1: Foul Ball, location: 2F 3-2: Foul Ball, location: 2F 3-2: Base on Balls
|
|
Batting: SHB Shane Marcum
|
0-0: Called Strike 0-1: Ball 1-1: Ball 2-1: Ball 3-1: Base on Balls Sam Saunders to second
|
|
Batting: SHB Xavier Alaniz
|
0-0: Fly out, F7 (Flyball, 78M, EV 85.6 MPH)
|
|
Batting: LHB Steve Pond
|
0-0: Ball 1-0: Foul Ball, location: 2F 1-1: Foul Ball, location: 2F 1-2: Ball 2-2: Foul Ball, location: 2F 2-2: Foul Ball, location: 2F 2-2: Foul Ball, location: 2F 2-2: Strikes out swinging
|
| Bottom of the 5th over - 0 runs, 0 hits, 0 errors, 2 left on base; Tennessee 0 - Tulsa 3 |
| TOP OF THE 6TH |
|
Tennessee Smokies batting - Pitching for Tulsa Drillers : RHP Victor Torres
|
|
Batting: RHB Khalil Stephens
|
0-0: Foul Ball, location: 2F 0-1: Ball 1-1: Reached on error, E4 (Groundball, 34, EV 83.8 MPH)
|
|
Batting: RHB Dylan Burke
|
0-0: Ball 1-0: SINGLE (Line Drive, 4MD, EV 101.2 MPH) Khalil Stephens to second
|
|
Batting: RHB Heef Harted
|
0-0: Grounds into double play, 6-4-3 (Groundball, 6, EV 103.1 MPH) Khalil Stephens to third
|
|
Batting: RHB Rich Thurman
|
0-0: Called Strike 0-1: Ball 1-1: Swinging Strike 1-2: Foul Ball, location: 2F 1-2: Strikes out looking
|
| Top of the 6th over - 0 runs, 1 hit, 1 error, 1 left on base; Tennessee 0 - Tulsa 3 |
| BOTTOM OF THE 6TH |
|
Tulsa Drillers batting - Pitching for Tennessee Smokies : RHP Adrian Dorsi
|
|
Batting: LHB Hyoji Toda
|
0-0: Called Strike 0-1: Ball 1-1: Foul Ball, location: 2F 1-2: Strikes out swinging
|
|
Batting: RHB Steve Perez
|
0-0: Ball 1-0: Called Strike 1-1: Swinging Strike 1-2: SOLO HOME RUN (Flyball, 8RXD, EV 108.8 MPH), Distance : 419 ft
|
|
Batting: RHB Jerry Sanchez
|
0-0: Foul Ball, location: 2F 0-1: Called Strike 0-2: Strikes out swinging
|
|
Batting: RHB Mike Plugge
|
0-0: Ball 1-0: Reached on error, E6 (Groundball, 6, EV 93.8 MPH)
|
|
Batting: RHB Tony Reyna
|
0-0: Fly out, F8 (Flyball, 8RD, EV 93.1 MPH)
|
| Bottom of the 6th over - 1 run, 1 hit, 1 error, 1 left on base; Tennessee 0 - Tulsa 4 |
| TOP OF THE 7TH |
|
Tennessee Smokies batting - Pitching for Tulsa Drillers : RHP Victor Torres
|
|
Batting: RHB Bobby Gray
|
0-0: Ball 1-0: Swinging Strike 1-1: Called Strike 1-2: Ball 2-2: Ball 3-2: SINGLE (Flyball, 8RM, EV 86.2 MPH)
|
|
Batting: RHB Heitaro Tanaka
|
0-0: Ball 1-0: Reached on error, E6 (Groundball, 6, EV 109.4 MPH) Bobby Gray to second
|
|
Batting: RHB Sam Sours
|
0-0: Called Strike 0-1: Ball 1-1: Fly out, F8 (Flyball, 8RD, EV 105.6 MPH)
|
|
Batting: RHB Ryan Walker
|
0-0: Foul Ball, location: 2F 0-1: Ball 1-1: Ball 2-1: Foul Ball, location: 2F 2-2: Ball 3-2: Strikes out swinging
|
|
Batting: LHB Mark Ingram
|
0-0: Called Strike 0-1: Ball 1-1: Ball 2-1: Called Strike 2-2: Strikes out looking
|
| Top of the 7th over - 0 runs, 1 hit, 1 error, 2 left on base; Tennessee 0 - Tulsa 4 |
| BOTTOM OF THE 7TH |
|
Tulsa Drillers batting - Pitching for Tennessee Smokies : RHP Adrian Dorsi
|
|
Pitching: LHP Colin Scott
|
|
|
Batting: RHB Sam Saunders
|
0-0: Called Strike 0-1: Swinging Strike 0-2: Ball 1-2: Foul Ball, location: 2F 1-2: Foul Ball, location: 2F 1-2: Foul Ball, location: 2F 1-2: Ball 2-2: Foul Ball, location: 2F 2-2: Foul Ball, location: 2F 2-2: SINGLE (Groundball, 6MD, EV 105.0 MPH)
|
|
Batting: SHB Shane Marcum
|
0-0: Sac Bunt to 3S - play at first, batter OUT! 3-4 Sam Saunders to second
|
|
Batting: SHB Xavier Alaniz
|
0-0: Called Strike 0-1: Ball 1-1: Swinging Strike 1-2: Strikes out swinging
|
|
Pinch Hitting: RHB Curt Earnest
|
0-0: Ball 1-0: Ball 2-0: Called Strike 2-1: Ball 3-1: Called Strike 3-2: Fly out, F8 (Flyball, 8RD, EV 100.6 MPH)
|
| Bottom of the 7th over - 0 runs, 1 hit, 0 errors, 1 left on base; Tennessee 0 - Tulsa 4 |
| TOP OF THE 8TH |
|
Tennessee Smokies batting - Pitching for Tulsa Drillers : RHP Victor Torres
|
|
Now in LF: Chris Fandino
|
|
|
Now in RF: Hyoji Toda
|
|
|
Batting: RHB Khalil Stephens
|
0-0: Called Strike 0-1: Ball 1-1: SINGLE (Groundball, 34D, EV 95.6 MPH)
|
|
Batting: RHB Dylan Burke
|
0-0: Grounds into double play, 3-6-1 (Groundball, 3, EV 77.5 MPH)
|
|
Batting: RHB Heef Harted
|
0-0: Called Strike 0-1: Ball 1-1: Ball 2-1: Foul Ball, location: 2F 2-2: Ball 3-2: Base on Balls
|
|
Batting: RHB Rich Thurman
|
0-0: Ball 1-0: Called Strike 1-1: Called Strike 1-2: Strikes out looking
|
| Top of the 8th over - 0 runs, 1 hit, 0 errors, 1 left on base; Tennessee 0 - Tulsa 4 |
| BOTTOM OF THE 8TH |
|
Tulsa Drillers batting - Pitching for Tennessee Smokies : LHP Colin Scott
|
|
Pitching: LHP Mike Alexander
|
|
|
Batting: LHB Hyoji Toda
|
0-0: Ball 1-0: Ball 2-0: Called Strike 2-1: Ball 3-1: Foul Ball, location: 2F 3-2: Fly out, F8 (Flyball, 8RS, EV 88.1 MPH)
|
|
Batting: RHB Steve Perez
|
0-0: Fly out, F8 (Flyball, 8RD, EV 100.6 MPH)
|
|
Batting: RHB Jerry Sanchez
|
0-0: Ball 1-0: Ball 2-0: Called Strike 2-1: Swinging Strike 2-2: Foul Ball, location: 2F 2-2: Strikes out swinging
|
| Bottom of the 8th over - 0 runs, 0 hits, 0 errors, 0 left on base; Tennessee 0 - Tulsa 4 |
| TOP OF THE 9TH |
|
Tennessee Smokies batting - Pitching for Tulsa Drillers : RHP Victor Torres
|
|
Pitching: RHP Craig Fallon
|
|
|
Batting: RHB Bobby Gray
|
0-0: Called Strike 0-1: Ball 1-1: Ground out 4-3 (Groundball, 4, EV 88.1 MPH)
|
|
Batting: RHB Heitaro Tanaka
|
0-0: Called Strike 0-1: Foul Ball, location: 2F 0-2: Ball 1-2: Ball 2-2: Single, Error in OF, E7, batter to second base (Line Drive, 56, EV 97.5 MPH)
|
|
Batting: RHB Sam Sours
|
0-0: Swinging Strike 0-1: Foul Ball, location: 2F 0-2: Ball 1-2: Strikes out swinging
|
|
Batting: RHB Ryan Walker
|
0-0: Foul Ball, location: 2F 0-1: Ball 1-1: Called Strike 1-2: Strikes out looking
|
| Top of the 9th over - 0 runs, 1 hit, 1 error, 1 left on base; Tennessee 0 - Tulsa 4 |
|